AoeStats
← TheUnity-BvB09

Golden Pit

503427828Analyzed
1v1 RM · 1mo ago on Aug 31, 2026· 52m 43s· 2 players
Game mode
Random Map
Map size
Tiny (2 player)
Population
200
Speed
Normal
Resources
Standard
Victory
Conquest
Starting age
Dark Age
Ending age
Imperial Age
RankedLock teamsTeams togetherTeam positionsShared explorationLock speedFull tech treeHidden civsTurbo modeCheats
Victory
Defeat
🇲🇽 Aztecs · Mexico
1046
+16
🇸🇪 Goths · Sweden
1043
-16
LarryLynx
7:26 Loom
10:46 Feudal Age
16:57 Castle Age
33:27 Horse Collar
35:00 Wheelbarrow
35:12 Gold Mining
35:24 Double-Bit Axe
36:51 Heavy Plow
38:09 Anarchy
40:34 Stone Mining
40:56 Bow Saw
41:54 Squires
42:07 Forging
41:58 Scale Mail Armor
42:55 Stone Shaft Mining
44:20 Iron Casting
44:01 Chain Mail Armor
49:07 Pikeman
TheUnity-BvB09
2:47 Loom
9:18 Feudal Age
11:05 Double-Bit Axe
22:43 Castle Age
22:47 Crossbowman
23:29 Fletching
23:40 Padded Archer Armor
28:42 Redemption
37:54 Bodkin Arrow
38:14 Leather Archer Armor
44:55 Imperial Age
46:24 Scale Mail Armor
46:34 Forging
50:15 Arbalester
51:37 Ballistics
Connection lost

Rejoining the realm…

Still unreachable

The connection could not be restored.

Session expired

The server has moved on; the page needs a fresh start.